 Dungeon Crawl Stone Soup version 0.17-a0-72-gd614ac0 (webtiles) character file.

419716 Qrupt the Devastator (level 22, -12/248 HPs)
             Began as a Pale Draconian Fire Elementalist on Mar 9, 2015.
             Was the Champion of Makhleb.
             Mangled by a caustic shrike (14 damage)
             ... on level 2 of the Depths on Mar 13, 2015.
             The game lasted 09:30:17 (88195 turns).

Qrupt the Devastator (DrFE)                        Turns: 88195, Time: 09:30:21

Health: -12/248    AC:  9    Str: 23    XL:     22   Next: 63%
Magic:  15/41      EV: 17    Int: 22    God:    Makhleb [******]
Gold:   4113       SH:  0    Dex: 17    Spells: 12 memorised, 3 levels left

rFire  + . .     SeeInvis +     l - melded +10 falchion "Kyck" {elec, rC+ Str+3 Stlth+}
rCold  + . .     Clarity  +     (armour unavailable)
rNeg   + . .     SustAb   .     V - melded +0 shield {reflect}
rPois  +         Gourm    .     p - melded +2 hat of the Bear Spirit {Spirit, +Rage rN+ MR++}
rElec  .         Spirit   .     m - melded +0 cloak
rCorr  .         Warding  .     L - melded +0 pair of gloves "Mnoad" {Str-4 Int+7}
rMut   .         Stasis   .     H - melded -2 pair of boots of Grot {MR- Regen+ Int+10}
MR     ++++.                    Y - amulet of the Four Winds {Clar rN+ MR+++}
Stlth  ++........               u - ring of the Trout {rF+ rC+ Str+3 Dex+3}
                                P - ring of see invisible

@: hydra-form, repel missiles, incredibly resistant to hostile enchantments,
unstealthy
A: (breathe steam), unfitting armour, mutation resistance 1, robust 1, (shaggy
fur 0), (cold-blooded), AC +11
a: End Transformation, Minor Destruction, Lesser Servant of Makhleb, Major
Destruction, Greater Servant of Makhleb, Renounce Religion
}: 2/15 runes: barnacled, gossamer


You were on level 2 of the Depths.
You worshipped Makhleb.
Makhleb was exalted by your worship.
You were not hungry.
You were a 7-headed hydra.
You visited 9 branches of the dungeon, and saw 47 of its levels.
You visited the Abyss 1 time.
You visited 1 bazaar.
You also visited: Labyrinth, Trove and Ice Cave.

You collected 6127 gold pieces.
You spent 2014 gold pieces at shops.

Inventory:

Hand weapons
 l - the +10 falchion "Kyck" (melded) {elec, rC+ Str+3 Stlth+}
   (You found it in a labyrinth)

   Occasionally, upon striking a foe, it will discharge some electrical energy
   and cause terrible harm.
   It affects your strength (+3).
   It protects you from cold.
   It makes you more stealthy.
 o - the +3 flail "Vail" {drain, rC- Int+8}
   (You found it on level 4 of the Vaults)

   A truly terrible weapon, it drains the life of those it strikes.
   It affects your intelligence (+8).
   It makes you vulnerable to cold.
 F - a +0 double sword of holy wrath
Armour
 e - a +2 buckler
 m - a +0 cloak (melded)
 p - the +2 hat of the Bear Spirit (melded) {Spirit, +Rage rN+ MR++}
   (You acquired it on level 2 of the Spider Nest)

   It protects you from negative energy.
   It affects your resistance to hostile enchantments.
   It lets you go berserk.
 H - the -2 pair of boots of Grot (melded) {MR- Regen+ Int+10}
   (You found it on level 4 of the Spider Nest)

   It affects your intelligence (+10).
   It affects your resistance to hostile enchantments.
   It increases your rate of regeneration.
 I - the +0 pair of boots of Gyumutin {rF- rC+ SInv Stlth+}
   (You acquired it on level 1 of the Elven Halls)

   It makes you vulnerable to fire.
   It protects you from cold.
   It enhances your eyesight.
   It makes you more stealthy.
 L - the +0 pair of gloves "Mnoad" (melded) {Str-4 Int+7}
   (You bought it in a shop on level 4 of the Orcish Mines)

   It affects your strength (-4).
   It affects your intelligence (+7).
 V - a +0 shield of reflection (melded)
Jewellery
 a - an uncursed ring of poison resistance
 u - the ring of the Trout (right foreclaw) {rF+ rC+ Str+3 Dex+3}
   (You acquired it in an ice cave)

   [ring of strength]

   It affects your strength (+3).
   It affects your dexterity (+3).
   It protects you from fire.
   It protects you from cold.
 N - an uncursed amulet of resist mutation
 P - a ring of see invisible (left foreclaw)
 Q - the ring "Cheomic" {rF+ Int+6 Dex-3}
   (You found it on level 8 of the Lair of Beasts)

   [ring of protection from fire]

   It affects your intelligence (+6).
   It affects your dexterity (-3).
   It protects you from fire.
 Y - the amulet of the Four Winds (around neck) {Clar rN+ MR+++}
   (You bought it in a shop on level 4 of the Orcish Mines)

   [amulet of clarity]

   It provides mental clarity.
   It protects you from negative energy.
   It affects your resistance to hostile enchantments.
Magical devices
 d - a wand of teleportation (4)
 n - a wand of heal wounds (6)
Scrolls
 b - 2 scrolls of fear
 q - 18 scrolls of remove curse
 s - 3 scrolls of fog
 v - 5 scrolls of magic mapping
 z - 5 scrolls of recharging
 B - 3 scrolls of brand weapon
 D - 2 scrolls of summoning
 J - 4 scrolls of enchant weapon
 O - 21 scrolls of identify
 R - a scroll of enchant armour
 W - 2 scrolls of blinking
Potions
 g - 10 potions of brilliance
 h - 8 potions of curing
 i - 4 potions of haste
 k - a potion of flight
 t - 5 potions of agility
 A - 5 potions of heal wounds
 E - 5 potions of resistance
 K - 3 potions of magic
 M - 2 potions of cancellation
 U - 7 potions of restore abilities
Books
 j - Sif Muna's Disquisition on Changing and Darkness
   (You found it in a treasure trove)

   Spells                             Type                      Level
   a - Pain                           Necromancy                   1
   b - Sublimation of Blood           Necromancy                   2
   c - Sticks to Snakes               Transmutation                2
   d - Vampiric Draining              Necromancy                   3
   e - Irradiate                      Conjuration/Transmutation    5
   f - Hydra Form                     Transmutation                6
 w - a book of Battle

   Spells                             Type                      Level
   a - Infusion                       Charms                       1
   b - Shroud of Golubria             Charms/Translocation         2
   c - Song of Slaying                Charms                       2
   d - Spectral Weapon                Hexes/Charms                 3
   e - Regeneration                   Charms/Necromancy            3
 y - Sif Muna's Tome of the Twisted Entourage
   (You found it in a treasure trove)

   Spells                             Type                      Level
   a - Abjuration                     Summoning                    3
   b - Portal Projectile              Translocation                3
   c - Phase Shift                    Translocation                5
   d - Dragon's Call                  Summoning                    9
 G - a book of the Earth

   Spells                             Type                      Level
   a - Leda's Liquefaction            Hexes/Earth                  4
   b - Bolt of Magma                  Conjuration/Fire/Earth       5
   c - Statue Form                    Transmutation/Earth          6
   d - Iron Shot                      Conjuration/Earth            6
   e - Shatter                        Earth                        9
 S - an Akashic Record {highlevel}

   This book is beyond your current level of understanding.

   Spells                             Type                      Level
   a - Dispersal                      Translocation                6
   b - Controlled Blink               Translocation                7
   c - Malign Gateway                 Summoning/Translocation      7
   d - Disjunction                    Translocation                8
   e - Singularity                    Translocation                9
 T - a Necronomicon {highlevel}

   Spells                             Type                      Level
   a - Haunt                          Necromancy/Summoning         7
   b - Borgnjor's Revivification      Necromancy                   8
   c - Death's Door                   Charms/Necromancy            8
   d - Necromutation                  Transmutation/Necromancy     8
 X - a book of Annihilations

   Spells                             Type                      Level
   a - Poison Arrow                   Conjuration/Poison           6
   b - Chain Lightning                Conjuration/Air              8
   c - Lehudib's Crystal Spear        Conjuration/Earth            8
   d - Glaciate                       Conjuration/Ice              9
   e - Fire Storm                     Conjuration/Fire             9
Miscellaneous
 f - a crystal ball of energy
 r - a lantern of shadows
Comestibles
 c - 14 bread rations
 x - 14 royal jellies
 C - 15 meat rations


   Skills:
 - Level 10.0 Fighting
 - Level 10.0 Long Blades
 - Level 13.8 Dodging
 - Level 1.7 Stealth
 + Level 6.5 Shields
 - Level 15.2 Spellcasting
 - Level 17.8 Conjurations
 - Level 14.4 Necromancy
 - Level 15.0 Transmutations
 - Level 16.9 Fire Magic
 - Level 7.0 Earth Magic
 - Level 10.0 Invocations
 - Level 7.1 Evocations


You had 3 spell levels left.
You knew the following spells:

 Your Spells              Type           Power        Failure   Level  Hunger
a - Hydra Form            Trmt           ######....   1%          6    #####..
b - Throw Flame           Conj/Fire      ######       0%          2    None
c - Statue Form           Trmt/Erth      ######...    8%          6    #####..
d - Sticky Flame          Conj/Fire      #######.     1%          4    None
e - Fireball              Conj/Fire      #######...   1%          5    ###....
g - Repel Missiles        Chrm/Air       ###...       8%          2    None
h - Bolt of Fire          Conj/Fire      #######...   1%          6    #####..
i - Delayed Fireball      Conj/Fire      N/A          2%          7    ######.
j - Flight                Chrm/Air       ###.......   12%         3    None
k - Swiftness             Chrm/Air       ###.....     8%          2    None
l - Blink                 Tloc           N/A          8%          2    None
m - Necromutation         Trmt/Necr      ######....   58%         8    #######


Dungeon Overview and Level Annotations

Branches:
Dungeon (15/15)            Temple (1/1) D:6            Lair (8/8) D:11
 Shoals (5/5) Lair:3       Spider (5/5) Lair:5        Slime (0/6) Lair:6
    Orc (4/4) D:10            Elf (3/3) Orc:3        Vaults (4/5) D:14
  Crypt (0/3) Vaults:3     Depths (2/5) D:15

Altars:
Ashenzari
Cheibriados
Dithmenos
Elyvilon
Fedhas
Gozag
Kikubaaqudgha
Makhleb
Nemelex Xobeh
Okawaru
Qazlal
Ru
Sif Muna
Trog
Vehumet
Xom
Yredelemnul
Zin
The Shining One
Beogh
Jiyva
Lugonu

Shops:
D:9 *   D:11 ?   Orc:2 (   Orc:4 (=[*   Elf:1 [   Elf:3 =   Vaults:4 (

Portals:
Hell: Depths:1 Depths:2
Abyss: Depths:1 Depths:2
Pandemonium: Depths:2
Ziggurat: Depths:2

Annotations:
D:4 Eustachio
D:5 2 runed doors
Depths:2 Margery


Innate Abilities, Weirdness & Mutations

((You can breathe blasts of scalding steam.))
((Your pale cyan-grey scales are hard (AC +11).))
Your body does not fit into most forms of armour.
((Your cold-blooded metabolism reacts poorly to cold.))
You are somewhat resistant to further mutation.
You are robust (+10% HP).
((You are covered in fur (AC +1).))


Message History

The +10 falchion "Kyck" {elec, rC+ Str+3 Stlth+} stops crackling.
You feel strangely alone. The caustic shrike claws you!!
You are splashed with acid!
The acid burns!
The caustic shrike claws you!!
You are splashed with acid!
The acid burns!
The caustic shrike closely misses you. The caustic shrike claws you!
You are splashed with acid!
The acid burns!
The caustic shrike claws you!
You are splashed with acid!
The acid burns!
The caustic shrike claws you!
You are splashed with acid!
The acid burns!
* * * LOW HITPOINT WARNING * * *
The caustic shrike closely misses you. x2
The caustic shrike claws you!!
* * * LOW HITPOINT WARNING * * *
You are splashed with acid!
The acid burns!
* * * LOW HITPOINT WARNING * * *
The caustic shrike closely misses you. The caustic shrike claws you!
* * * LOW HITPOINT WARNING * * *
You are splashed with acid!
The acid burns!
* * * LOW HITPOINT WARNING * * *
The caustic shrike claws you!
You die... ..# ...!# .....?## #'....# .# O'uiC# .i #Buu# ..# #ubb# #§. #.bD# #.H ## #...# #ZZ

.s### #....#
#..##...........##
#.Z.uu.H.......#
##uu.'#D......#
#.ii..# ####
........ ..§.#....


You could see 3 caustic shrikes, a fire giant, a boulder beetle shaped shifter,
4 ugly things, a spriggan rider and a two-headed ogre.

Vanquished Creatures
  Arachne (Spider:4)
  A lich (Vaults:4)
  Asterion (Spider:4)
  3 deep elf blademasters
  A quicksilver dragon (Depths:2)
  A kraken (Shoals:4)
  2 octopode crushers (Depths:2)
  Rupert (D:15)
  2 sphinxes
  Kirke (Shoals:2)
  A tengu reaver (Vaults:4)
  Ilsuiw (Shoals:4)
  Donald (Elf:1)
  3 frost giants
  Wiglaf (Elf:2)
  5 fire giants
  An orc warlord (Orc:4)
  12 vault wardens
  Aizul (Spider:4)
  5 ghost moths (Spider:5)
  3 emperor scorpions (Spider:5)
  6 deep elf sorcerers
  Jorgrun (Elf:3)
  10 rakshasas (Depths:1)
  11 ironheart preservers
  A spriggan defender (Depths:2)
  3 very ugly things (Depths:1)
  11 stone giants
  6 deep elf demonologists
  A vampire knight (Depths:2)
  A lorocyproca (Depths:1)
  Azrael (Spider:3)
  8 deep elf annihilators
  A dire elephant (Depths:1)
  2 crystal guardians (Elf:3)
  Snorg (Lair:5)
  4 deep elf death magi
  4 ettins
  10 vault guards
  5 merfolk javelineers
  8 merfolk impalers
  3 minotaurs
  8 yaktaur captains
  3 great orbs of eyes
  3 fire dragons
  5 deep elf high priests
  Fannar (Lair:1)
  7 ice dragons
  4 hydras
  13 ogre magi
  3 spriggan air magi (Depths:2)
  5 catoblepae
  11 centaur warriors
  A ghost crab (shapeshifter) (Depths:1)
  3 satyrs (Shoals:5)
  14 dancing weapons
  8 merfolk aquamancers
  2 alligator snapping turtles
  2 tengu warriors (Depths:1)
  2 death knights (Vaults:3)
  22 death yaks
  2 spriggan berserkers
  4 orc high priests (Orc:4)
  Urug (Orc:4)
  A deep troll earth mage (Depths:1)
  Nergalle (Lair:5)
  2 fire crabs
  27 deep elf knights
  A titan skeleton (Depths:2)
  4 skeletal warriors
  2 shadow wraiths
  7 hell knights (Depths:1)
  A fire crab (shapeshifter) (Vaults:3)
  11 deep trolls
  A death drake (shapeshifter) (Vaults:1)
  A giant orange brain (Vaults:3)
  16 harpies
  3 ice statues (IceCv)
  18 sea snakes
  3 wizards
  17 deep elf summoners
  6 unseen horrors
  25 deep elf conjurers
  12 hill giants
  15 orc knights
  A wolf spider zombie (D:15)
  5 necromancers
  An iron dragon zombie (Abyss:1)
  13 manticores
  42 wolf spiders
  24 orb spiders
  9 ironbrand convokers
  An orb spider (shapeshifter) (Vaults:3)
  37 ugly things
  11 griffons
  9 hornets
  8 orc sorcerers
  3 moths of wrath
  A stone giant zombie (Vaults:1)
  A sphinx skeleton (Depths:2)
  A mana viper (shapeshifter) (Vaults:3)
  11 cyclopes
  12 fauns
  A phantasmal warrior (Vaults:4)
  8 water nymphs
  2 centaur zombies
  A hornet (shapeshifter) (Elf:2)
  11 sirens
  7 elephants
  A frost giant skeleton (Depths:2)
  A black mamba (Lair:7)
  A guardian serpent (shapeshifter) (Vaults:3)
  A gargoyle (D:14)
  4 torpor snails
  23 vault sentinels
  40 yaktaurs
  An orange demon (Elf:2)
  2 elf zombies (Elf:2)
  15 spiny frogs
  2 efreet
  An ancient zyme (Abyss:1)
  4 kobold demonologists
  A fire drake (shapeshifter) (Depths:2)
  3 tengu conjurers
  9 demonic crawlers
  A queen bee (Lair:6)
  An elf (shapeshifter) (Elf:1)
  7 freezing wraiths
  20 deep elf priests
  4 wandering mushrooms (D:8)
  5 fire drakes
  A polar bear (Lair:8)
  2 minotaur zombies (Lab)
  11 komodo dragons
  14 slime creatures
  A merfolk (shapeshifter) (Vaults:4)
  27 merfolk
  A spriggan druid (Lair:8)
  23 two-headed ogres
  15 blink frogs
  A wind drake (shapeshifter) (Vaults:2)
  2 harpy skeletons (D:15)
  3 wind drakes
  A boulder beetle (shapeshifter) (Vaults:1)
  8 air elementals (Depths:2)
  41 jumping spiders
  A trapdoor spider zombie (D:11)
  A blink frog (shapeshifter) (Depths:2)
  7 trolls
  10 snapping turtles
  9 ravens
  7 boulder beetles
  A fire giant simulacrum (Vaults:1)
  A sphinx simulacrum (Vaults:1)
  2 centaur simulacra (D:14)
  59 redbacks
  23 trapdoor spiders
  A raiju (shapeshifter) (D:13)
  A chaos spawn (Abyss:1)
  3 basilisks
  3 fire elementals (Spider:3)
  57 yaks
  36 deep elf magi
  3 wyverns
  2 vampires (Depths:1)
  4 wraiths
  35 tarantellas
  54 deep elf fighters
  2 hogs (Shoals:2)
  5 hungry ghosts
  31 water elementals
  Grum (D:12)
  22 vampire mosquitoes
  14 hippogriffs
  A neqoxec (Elf:2)
  21 water moccasins
  An ogre zombie (Vaults:1)
  6 wargs
  17 wolves
  2 mottled dragons (D:13)
  5 hell hounds (Spider:3)
  10 porcupines
  27 spiders
  A human skeleton (Vaults:1)
  2 black bears
  8 boggarts
  4 wasps
  6 sky beasts
  An eye of draining (D:15)
  41 orc warriors
  3 boring beetles
  A dwarf (shapeshifter) (D:5)
  A necrophage (D:8)
  3 phantoms
  25 ice beasts
  43 ogres
  18 crocodiles
  Duvessa (D:8)
  20 centaurs
  2 big kobolds
  A brain worm (shapeshifter) (D:15)
  2 glowing shapeshifter simulacra
  2 lost souls (Elf:3)
  A water moccasin zombie (D:8)
  A brain worm (D:11)
  18 giant frogs
  A wyvern skeleton (D:10)
  7 scorpions
  8 wights
  A human simulacrum (Vaults:1)
  2 oklob saplings (D:8)
  41 killer bees
  Dowan (D:8)
  9 crimson imps
  2 giant frog zombies
  14 hounds
  48 orc priests
  5 electric eels
  2 goliath beetles
  5 centaur skeletons
  41 orc wizards
  2 giant frog skeletons
  Natasha (D:3)
  12 iguanas
  8 worker ants
  3 hell rats (Elf:1)
  25 sheep
  A sheep (shapeshifter) (Vaults:1)
  2 mummies
  13 gnolls
  57 river rats
  12 white imps (D:12)
  27 adders
  2 giant mites
  A shadow imp (D:14)
  3 worms
  3 adder zombies
  2 adder skeletons
  10 giant geckos
  2 oozes
  222 orcs
  12 bats
  2 bat skeletons
  A bat zombie (D:6)
  4 giant cockroaches
  15 hobgoblins
  2 jackals (D:7)
  33 kobolds
  17 quokkas
  9 giant newts
  2 giant spores
  21 goblins
  A jackal skeleton (D:4)
  A jackal zombie (D:5)
  2 orc zombies (Orc:2)
  2 quokka skeletons
  16 rats
  15 ballistomycetes
  2 crawling corpses (Elf:2)
  2 fungi (Lair:8)
  2 plants
2408 creatures vanquished.

Vanquished Creatures (collateral kills)
  3 deep elf annihilators (Elf:3)
  A deep elf demonologist (Elf:3)
  2 crystal guardians (Elf:3)
  A demonic crawler (Spider:4)
7 creatures vanquished.

Vanquished Creatures (others)
  A fire giant (Vaults:4)
  3 cacodemons (Elf:3)
  A deep elf demonologist (Elf:3)
  A blizzard demon (Elf:3)
  A green death (Spider:4)
  A centaur warrior (Depths:1)
  A deep elf knight (Elf:2)
  A black mamba (Lair:8)
  A griffon (Shoals:5)
  A human (Shoals:2)
  A tarantella (Spider:1)
  A redback (Spider:5)
  A water moccasin (Lair:8)
  An ogre (Vaults:4)
  A lost soul (Vaults:2)
  A giant spore (D:12)
  11 fungi
  7 plants
  12 tentacles (Shoals:4)
  52 tentacle segments (Shoals:4)
100 creatures vanquished.

Grand Total: 2515 creatures vanquished

Notes
Turn   | Place    | Note
--------------------------------------------------------------
     0 | D:1      | Qrupt, the Draconian Fire Elementalist, began the quest for the Orb.
     0 | D:1      | Reached XP level 1. HP: 14/14 MP: 3/3
   109 | D:1      | Reached XP level 2. HP: 12/20 MP: 4/4
   502 | D:1      | Learned a level 2 spell: Throw Flame
   941 | D:2      | You fall through a shaft!
   948 | D:3      | Reached XP level 3. HP: 22/26 MP: 6/6
  1229 | D:2      | Learned a level 3 spell: Conjure Flame
  1505 | D:2      | Reached XP level 4. HP: 33/33 MP: 1/7
  1576 | D:2      | Found a shadowy altar of Dithmenos.
  1777 | D:3      | Reached skill level 4 in Conjurations
  1927 | D:3      | Noticed a hippogriff
  2030 | D:3      | Reached XP level 5. HP: 36/38 MP: 9/9
  2585 | D:3      | Noticed Natasha
  2598 | D:3      | Killed Natasha
  3181 | D:3      | Reached XP level 6. HP: 39/45 MP: 5/10
  3318 | D:4      | Noticed Eustachio
  3366 | D:4      | Found a blossoming altar of Fedhas.
  3409 | D:4      | Noticed a phantom
  3421 | D:4      | Killed a phantom
  3421 | D:4      | Reached skill level 5 in Fire Magic
  3504 | D:4      | Found a glowing silver altar of Zin.
  4119 | D:4      | Reached skill level 6 in Fire Magic
  4348 | D:5      | Entered Level 5 of the Dungeon
  4402 | D:5      | Your scales start fading to a pale cyan-grey colour.
  4402 | D:5      | Reached XP level 7. HP: 31/50 MP: 5/14
  5007 | D:5      | Reached skill level 5 in Spellcasting
  5013 | D:5      | Learned a level 4 spell: Sticky Flame
  5019 | D:5      | Learned a level 5 spell: Fireball
  5183 | D:5      | Found a large runed door.
  5183 | D:5      | Found a large runed door.
  5201 | D:5      | Reached skill level 5 in Conjurations
  5201 | D:5      | Reached XP level 8. HP: 43/57 MP: 12/20
  5367 | D:5      | Found a large runed door.
  5367 | D:5      | Found a large runed door.
  5375 | D:5      | Got a heavily runed helmet
  5392 | D:5      | Noticed a yak
  5398 | D:5      | Killed a yak
  5500 | D:5      | Noticed a hippogriff
  5513 | D:5      | Killed a hippogriff
  5513 | D:5      | Reached skill level 7 in Conjurations
  5713 | D:5      | Noticed a two-headed ogre
  5717 | D:5      | Noticed a fire vortex
  5724 | D:5      | Killed a two-headed ogre
  5724 | D:5      | Reached skill level 8 in Fire Magic
  5916 | D:5      | Found a basalt altar of Yredelemnul.
  5916 | D:5      | Found a shimmering altar of Xom.
  6084 | D:6      | Found a bloodstained altar of Trog.
  6111 | D:6      | Reached XP level 9. HP: 6/62 MP: 15/21
  7043 | D:6      | Found a staircase to the Ecumenical Temple.
  7648 | D:6      | Reached skill level 5 in Fighting
  7725 | Temple   | Entered the Ecumenical Temple
  7860 | Temple   | Became a worshipper of Makhleb the Destroyer
  8245 | D:7      | Found a sacrificial altar of Ru.
  8258 | D:7      | Reached skill level 1 in Long Blades
  8279 | D:7      | Acquired Makhleb's first power
  8508 | D:7      | Found a sacrificial altar of Ru.
  8972 | D:8      | Noticed Dowan
  8977 | D:8      | Noticed Duvessa
  8988 | D:8      | Killed Duvessa
  8994 | D:8      | Killed Dowan
  9135 | D:8      | Reached skill level 5 in Long Blades
  9564 | D:8      | Reached XP level 10. HP: 81/83 MP: 7/22
  9869 | D:8      | Reached skill level 9 in Conjurations
  9922 | D:8      | Found a blossoming altar of Fedhas.
 10267 | D:8      | Acquired Makhleb's second power
 10651 | D:9      | Reached skill level 10 in Fire Magic
 10791 | D:9      | Found Ghyl's Assorted Antiques.
 10796 | D:9      | Bought a scroll of identify for 58 gold pieces
 11291 | D:9      | Reached skill level 11 in Fire Magic
 11314 | D:9      | Acquired Makhleb's third power
 11316 | D:9      | Reached skill level 1 in Shields
 11685 | D:9      | Found a radiant altar of Vehumet.
 12032 | D:10     | Entered Level 10 of the Dungeon
 12065 | D:10     | Acquired Makhleb's fourth power
 12400 | D:10     | Noticed a hill giant
 12533 | D:9      | Killed a hill giant
 12533 | D:9      | Reached skill level 5 in Shields
 12533 | D:9      | Reached XP level 11. HP: 55/89 MP: 17/23
 12539 | D:9      | Learned a level 4 spell: Animate Dead
 12926 | D:10     | Found a staircase to the Orcish Mines.
 13264 | D:11     | Found Jurausk's Magic Scroll Shoppe.
 13267 | D:11     | Found a staircase to the Lair.
 13398 | D:11     | Noticed an unseen horror
 13412 | D:11     | Killed an unseen horror
 13546 | D:11     | Noticed a hill giant
 13555 | D:11     | Killed a hill giant
 13656 | D:11     | Reached skill level 1 in Invocations
 13693 | D:11     | Noticed a hill giant
 13873 | D:11     | Killed a hill giant
 14156 | D:11     | Noticed a hill giant
 14174 | D:11     | Killed a hill giant
 14174 | D:11     | Acquired Makhleb's fifth power
 14174 | D:11     | Reached skill level 5 in Invocations
 14261 | D:11     | Bought a scroll of identify for 26 gold pieces
 14261 | D:11     | Bought a scroll of teleportation for 39 gold pieces
 14896 | D:12     | Noticed a hill giant
 14907 | D:12     | Killed a hill giant
 14935 | D:12     | Noticed an unseen horror
 14944 | D:12     | Killed an unseen horror
 15163 | D:12     | Found a frozen archway.
 15257 | IceCv    | Entered an ice cave
 15266 | IceCv    | Reached skill level 5 in Dodging
 15385 | IceCv    | Noticed an ice statue
 15385 | IceCv    | Noticed an ice statue
 15385 | IceCv    | Noticed an ice statue
 15546 | IceCv    | Identified a scroll of acquirement
 15547 | IceCv    | Got a bound turquoise ring
 15549 | IceCv    | Identified the ring of the Trout {rF+ rC+ Str+3 Dex+3} (You acquired it in an ice cave)
 15583 | IceCv    | Killed an ice statue
 15583 | IceCv    | Reached XP level 12. HP: 74/96 MP: 8/28
 15785 | IceCv    | Killed an ice statue
 15905 | IceCv    | Killed an ice statue
 16085 | D:12     | Found an opulent altar of Gozag.
 16390 | D:12     | Noticed Grum
 16395 | D:12     | Killed Grum
 16895 | Lair:1   | Entered Level 1 of the Lair of Beasts
 16929 | Lair:1   | Found a labyrinth entrance.
 16940 | Lab      | Entered a labyrinth
 17014 | Lab      | Noticed a minotaur
 17023 | Lab      | Killed a minotaur
 17023 | Lab      | Reached skill level 10 in Dodging
 17071 | Lab      | Got a smoking falchion
 17089 | Lab      | Identified the +10 falchion "Kyck" {elec, rC+ Str+3 Stlth+} (You found it in a labyrinth)
 17755 | Lair:1   | Noticed Fannar
 17778 | Lair:1   | Killed Fannar
 17782 | Lair:1   | Identified a +9 rod of destruction (11/11) (You found it in a labyrinth)
 17887 | Lair:1   | Reached skill level 12 in Dodging
 18563 | Lair:2   | Reached skill level 13 in Dodging
 19038 | Lair:2   | Noticed a six-headed hydra
 19054 | Lair:2   | Killed a six-headed hydra
 19197 | Lair:3   | Reached XP level 13. HP: 95/102 MP: 26/29
 19209 | Lair:3   | Found a staircase to the Shoals.
 19401 | Lair:3   | Reached skill level 10 in Conjurations
 20555 | Lair:4   | Found an iron altar of Okawaru.
 21448 | Lair:5   | Found a hole to the Spider Nest.
 21509 | Lair:5   | Noticed Nergalle
 21572 | Lair:5   | Killed Nergalle
 21930 | Lair:5   | Noticed Snorg
 23601 | Lair:6   | Reached skill level 10 in Long Blades
 23768 | Lair:6   | Found a staircase to the Slime Pits.
 23768 | Lair:6   | Found a viscous altar of Jiyva.
 23973 | Lair:6   | Learned a level 2 spell: Repel Missiles
 24187 | Lair:7   | Reached XP level 14. HP: 69/110 MP: 12/30
 24869 | Lair:7   | Learned a level 6 spell: Bolt of Fire
 25025 | Lair:7   | Paralysed by a Zot trap for 2 turns
 25462 | Lair:8   | Entered Level 8 of the Lair of Beasts
 27359 | Lair:8   | Reached skill level 14 in Conjurations
 27434 | Lair:8   | Got a translucent copper ring
 27436 | Lair:8   | Identified the ring "Cheomic" {rF+ Int+6 Dex-3} (You found it on level 8 of the Lair of Beasts)
 27635 | Lair:8   | Reached skill level 1 in Necromancy
 27879 | Orc:1    | Entered Level 1 of the Orcish Mines
 29300 | Orc:2    | Found Ziegageu's Weapon Emporium.
 29727 | Orc:3    | Found a staircase to the Elven Halls.
 29820 | Orc:3    | Reached XP level 15. HP: 115/115 MP: 20/31
 30279 | Orc:3    | Found a roughly hewn altar of Beogh.
 30335 | Orc:4    | Entered Level 4 of the Orcish Mines
 30373 | Orc:4    | Found a deep blue altar of Sif Muna.
 30609 | Orc:4    | Noticed Urug
 30636 | Orc:4    | Killed Urug
 31558 | Orc:4    | Paralysed by an orc sorcerer for 6 turns
 32152 | Orc:4    | Reached skill level 5 in Necromancy
 32270 | Orc:4    | Found Tryc's General Store.
 32270 | Orc:4    | Found Miaddius' Jewellery Emporium.
 32271 | Orc:4    | Found Smasm's Antique Armour Emporium.
 32271 | Orc:4    | Found Mnobb's Antique Weapon Shoppe.
 32288 | Orc:4    | Bought a pair of twisted gloves for 209 gold pieces
 32302 | Orc:4    | Identified the +0 pair of gloves "Mnoad" {Str-4 Int+7} (You bought it in a shop on level 4 of the Orcish Mines)
 32311 | Orc:4    | Bought the amulet of the Four Winds {Clar rN+ MR+++} for 636 gold pieces
 32964 | D:13     | Reached skill level 10 in Spellcasting
 33021 | D:13     | Got an iridescent mace
 33023 | D:13     | Identified the +0 mace of Peril {crush, Int+3} (You found it on level 13 of the Dungeon)
 34684 | D:14     | Found a stormy altar of Qazlal.
 34842 | D:14     | Found a gate to the Vaults.
 35182 | D:15     | Entered Level 15 of the Dungeon
 35216 | D:15     | Learned a level 7 spell: Delayed Fireball
 36074 | D:15     | Noticed Rupert
 36086 | D:15     | Killed Rupert
 36218 | D:15     | Reached skill level 10 in Necromancy
 36639 | D:15     | Reached XP level 16. HP: 64/122 MP: 13/34
 36831 | D:15     | Found a staircase to the Depths.
 36946 | D:15     | Learned a level 3 spell: Flight
 36949 | D:15     | Learned a level 2 spell: Swiftness
 36968 | D:15     | Learned a level 3 spell: Passwall
 37917 | Shoals:1 | Entered Level 1 of the Shoals
 38273 | Shoals:1 | Reached skill level 1 in Transmutations
 39061 | Shoals:1 | Reached skill level 5 in Transmutations
 40570 | Shoals:2 | Noticed Kirke
 40583 | Shoals:2 | Killed Kirke
 42511 | Shoals:4 | Found a flickering gateway to a bazaar.
 42531 | Bazaar   | Entered a bazaar
 42539 | Bazaar   | Found Elu Skon's Book Emporium.
 42539 | Bazaar   | Found Gumn's Jewellery Shoppe.
 43635 | Shoals:4 | Got a bloodstained demon blade
 43636 | Shoals:4 | Identified the +8 demon blade of Charity {freeze, -Cast rC+ Str+2 Int+3} (You found it on level 4 of the Shoals)
 43971 | Shoals:4 | Reached skill level 10 in Transmutations
 43974 | Shoals:4 | Noticed Ilsuiw
 44922 | Shoals:4 | Killed Ilsuiw
 45066 | Shoals:5 | Entered Level 5 of the Shoals
 45199 | Shoals:4 | Reached XP level 17. HP: 124/132 MP: 23/34
 47350 | Shoals:5 | Reached skill level 10 in Invocations
 48438 | Shoals:5 | Got a barnacled rune of Zot
 48543 | Shoals:5 | Identified the Incunabulum of Hexes (You found it on level 5 of the Shoals)
 48992 | D:11     | Bought a scroll of acquirement for 676 gold pieces
 48999 | D:11     | Got an ichor-stained hat
 49005 | D:11     | Identified the -5 hat of the King of the Hill {rPois rN+ MR- SInv} (You acquired it on level 11 of the Dungeon)
 49149 | Elf:1    | Entered Level 1 of the Elven Halls
 49772 | Elf:1    | Got a pair of transparent boots
 49778 | Elf:1    | Identified the +0 pair of boots of Gyumutin {rF- rC+ SInv Stlth+} (You acquired it on level 1 of the Elven Halls)
 50101 | Elf:1    | Noticed Donald
 50114 | Elf:1    | Killed Donald
 50383 | Elf:1    | Found Axair's Antique Armour Shop.
 50685 | Elf:1    | Found a burning altar of Makhleb.
 51818 | Elf:2    | Reached XP level 18. HP: 139/139 MP: 33/37
 52514 | Elf:2    | Found a huge runed gate.
 52515 | Elf:2    | Found a huge runed gate.
 52515 | Elf:2    | Found a huge runed gate.
 52516 | Elf:2    | Found a huge runed gate.
 52517 | Elf:2    | Found a huge runed gate.
 52576 | Elf:3    | Entered Level 3 of the Elven Halls
 52697 | Elf:3    | Learned a level 2 spell: Blink
 52734 | Elf:3    | Noticed Jorgrun
 52750 | Elf:3    | Killed Jorgrun
 53613 | Elf:3    | Found Blets' Jewellery Shoppe.
 53840 | Elf:3    | Gained mutation: You are covered in fur (AC +1). [potion of beneficial mutation]
 54480 | Elf:3    | Noticed a Brimstone Fiend
 56851 | Elf:3    | Gained mutation: You are somewhat resistant to further mutation. [potion of beneficial mutation]
 56862 | Elf:3    | Identified Stral's Papyrus of Noxious Calling
 56882 | Elf:3    | Identified the Compendium of Bewitchment
 57251 | D:11     | Bought a scroll of recharging for 123 gold pieces
 57251 | D:11     | Bought 2 scrolls of recharging for 247 gold pieces
 57448 | Lair:5   | Killed Snorg
 57448 | Lair:5   | Reached skill level 15 in Transmutations
 57459 | Lair:5   | Learned a level 8 spell: Necromutation
 57515 | Spider:1 | Entered Level 1 of the Spider Nest
 60071 | Spider:2 | Reached XP level 19. HP: 145/145 MP: 30/38
 61013 | Spider:3 | Learned a level 5 spell: Bolt of Magma
 61129 | Spider:3 | Noticed Azrael
 61145 | Spider:3 | Killed Azrael
 61413 | Spider:3 | Reached skill level 1 in Evocations
 61820 | Spider:3 | Got a transparent glaive
 61821 | Spider:3 | Identified the +6 glaive of Honour {drain, rPois rC+ Str-5 Dex+6} (You found it on level 3 of the Spider Nest)
 61990 | Spider:4 | Noticed Asterion
 62063 | Spider:4 | Killed Asterion
 62089 | Spider:4 | Got a pair of dazzling boots
 62104 | Spider:4 | Identified the -2 pair of boots of Grot {MR- Regen+ Int+10} (You found it on level 4 of the Spider Nest)
 62490 | Spider:4 | Noticed Arachne
 62508 | Spider:4 | Killed Arachne
 62508 | Spider:4 | Reached skill level 5 in Evocations
 62562 | Spider:4 | Noticed Aizul
 62677 | Spider:4 | Killed Aizul
 62926 | Spider:5 | Entered Level 5 of the Spider Nest
 65277 | Spider:5 | Reached skill level 15 in Conjurations
 68507 | Spider:5 | Got a gossamer rune of Zot
 69080 | Vaults:1 | Entered Level 1 of the Vaults
 69088 | D:14     | Cast into the Abyss (orc knight)
 69279 | D:14     | Escaped the Abyss
 69659 | Vaults:1 | Reached XP level 20. HP: 115/152 MP: 19/39
 71583 | Vaults:1 | Reached skill level 10 in Fighting
 72532 | Vaults:1 | Paralysed by a hornet for 2 turns
 72714 | Vaults:1 | Found a portal to a secret trove of treasure.
 72717 | Vaults:1 | You paid a toll of a +8 demon blade to enter a treasure trove
 72718 | Trove    | Entered a treasure trove
 72797 | Trove    | Identified Sif Muna's Tome of the Twisted Entourage
 72800 | Trove    | Identified Sif Muna's Sophisticated Theurgy
 72826 | Trove    | Identified Sif Muna's Disquisition on Changing and Darkness
 72959 | Vaults:1 | Learned a level 6 spell: Statue Form
 73034 | Vaults:2 | Reached skill level 1 in Earth Magic
 74260 | Vaults:2 | Reached skill level 5 in Earth Magic
 76581 | Vaults:3 | Found a staircase to the Crypt.
 77227 | Vaults:3 | Reached XP level 21. HP: 168/168 MP: 3/40
 77300 | Vaults:3 | Reached skill level 15 in Spellcasting
 77560 | Vaults:3 | Gained mutation: You are robust (+10% HP). [potion of beneficial mutation]
 78423 | Vaults:4 | Got a crystal flail
 78424 | Vaults:4 | Identified the +3 flail "Vail" {drain, rC- Int+8} (You found it on level 4 of the Vaults)
 78438 | Vaults:4 | Found Zousuh's Antique Weapon Shop.
 79222 | Vaults:4 | Reached skill level 16 in Conjurations
 81010 | Vaults:4 | Reached skill level 17 in Conjurations
 81773 | Elf:2    | Noticed Wiglaf
 81800 | Elf:2    | Killed Wiglaf
 83493 | Depths:1 | Entered Level 1 of the Depths
 83511 | Depths:1 | Found a gateway to Hell.
 84160 | Depths:1 | Found a corrupted altar of Lugonu.
 84197 | Depths:1 | Found a one-way gate to the infinite horrors of the Abyss.
 84409 | Depths:1 | Reached XP level 22. HP: 191/191 MP: 22/41
 85236 | Depths:1 | Reached skill level 15 in Fire Magic
 85941 | Depths:1 | Learned a level 6 spell: Hydra Form
 86705 | Depths:2 | Found a gateway to a ziggurat.
 87463 | Depths:2 | Upgraded the game from 0.17-a0-18-gc25b939 to 0.17-a0-72-gd614ac0
 87466 | Depths:2 | Found a one-way gate leading to the halls of Pandemonium.
 88187 | Depths:2 | Noticed Margery
 88193 | Depths:2 | Noticed a caustic shrike
 88193 | Depths:2 | Noticed a caustic shrike
 88193 | Depths:2 | Noticed a caustic shrike
 88195 | Depths:2 | HP: 2/248 [acid (16)]
 88195 | Depths:2 | Mangled by a caustic shrike

Action                   |  1- 3 |  4- 6 |  7- 9 | 10-12 | 13-15 | 16-18 | 19-21 | 22-24 || total
-------------------------+-------+-------+-------+-------+-------+-------+-------+-------++-------
Melee: Unarmed           |    42 |       |    14 |       |       |       |       |       ||    56
       Dagger            |    95 |   171 |    10 |       |       |       |       |       ||   276
       Scimitar          |       |       |   102 |   450 |       |       |       |       ||   552
       Falchion          |       |       |       |   142 |  1576 |  1028 |  1655 |   353 ||  4754
       Staff             |       |       |       |     5 |       |       |       |       ||     5
 Cast: Flame Tongue      |    11 |   103 |   246 |   324 |    59 |     1 |     2 |       ||   746
       Throw Flame       |     2 |     3 |    13 |    50 |   337 |   650 |   379 |    44 ||  1478
       Conjure Flame     |       |     1 |     6 |    25 |    55 |    39 |       |       ||   126
       Sticky Flame      |       |       |    11 |    51 |   127 |   214 |   315 |    14 ||   732
       Fireball          |       |       |       |    28 |    19 |    78 |    38 |     7 ||   170
       Bolt of Fire      |       |       |       |       |     9 |    24 |   122 |    78 ||   233
       Repel Missiles    |       |       |       |       |     1 |    11 |    12 |     1 ||    25
       Flight            |       |       |       |       |       |     5 |       |     2 ||     7
       Delayed Fireball  |       |       |       |       |       |     3 |     6 |     1 ||    10
       Swiftness         |       |       |       |       |       |     4 |     3 |     1 ||     8
       Bolt of Magma     |       |       |       |       |       |       |    85 |       ||    85
       Statue Form       |       |       |       |       |       |       |    13 |     6 ||    19
       Blink             |       |       |       |       |       |       |     1 |     1 ||     2
       Hydra Form        |       |       |       |       |       |       |       |     1 ||     1
Invok: Greater Servant o |       |       |       |       |       |     5 |     2 |       ||     7
       Major Destruction |       |       |       |       |       |       |     2 |       ||     2
 Abil: Release Delayed F |       |       |       |       |       |     3 |     6 |     1 ||    10
       Evoke Berserk Rag |       |       |       |       |       |       |     2 |       ||     2
Evoke: Wand              |       |       |       |     1 |       |    10 |     6 |     5 ||    22
       Phantom mirror    |       |       |       |       |       |     1 |       |       ||     1
  Use: Scroll            |       |     4 |     2 |    23 |    13 |    28 |     7 |     2 ||    79
       Potion            |       |     3 |       |     1 |    10 |    17 |     3 |       ||    34
 Stab: Sleeping          |       |       |     1 |     8 |    11 |    17 |     5 |       ||    42
       Distracted        |       |       |       |       |     4 |     2 |     2 |       ||     8
  Eat: Chunk             |     2 |    11 |    15 |    29 |    51 |    48 |    39 |     9 ||   204
       Fruit             |       |       |     3 |    11 |    16 |    21 |     1 |       ||    52
       Beef jerky        |       |       |       |     1 |     3 |     3 |     2 |       ||     9
       Pizza             |       |       |       |     3 |       |     2 |     1 |       ||     6
       Bread ration      |       |       |       |     1 |       |     1 |     9 |     1 ||    12
       Royal jelly       |       |       |       |       |     1 |       |     1 |       ||     2
       Meat ration       |       |       |       |       |       |     1 |       |     1 ||     2
